Description

This build order start like a standard StarGate Opening in PvZ. It's a Phoenix / Chargelot all-in.

You can play it macro if you want after the first pressure.

This replay comes from a Tournament: MaNa vs SouLeer.

VOD

https://youtu.be/rTnwDGl3JAw

Replay - LiquidMaNa v SouLeer - Eternal Empire LE

Build Order

Get SALT Encoding   

  12  0:00  Probe  
  13  0:12  Probe  
  14  0:19  Pylon  
  14  0:24  Probe  
  15  0:33  Probe  
  15  0:41  Probe  
  16  0:44  Gateway  
  17  0:51  Assimilator  
  17  0:52  Probe  
  18  1:00  Probe  
  19  1:08  Probe  
  19  1:18  Probe  
  21  1:29  Nexus  
  21  1:39  Cybernetics Core  
  21  1:45  Assimilator  
  21  1:47  Probe  
  22  1:54  Pylon  
  23  2:06  Adept  
  24  2:16  Warp Gate  
  26  2:28  Stargate  
  27  2:36  Stalker  
  35  3:08  Oracle  
  39  3:16  Adept  
  43  3:32  Pylon, Gateway  
  43  3:37  Phoenix  
  43  3:39  Assimilator  
  46  3:54  Oracle  
  47  3:57  Pylon  
  51  4:04  Adept  
  54  4:16  Pylon  
  55  4:22  Phoenix  
  55  4:23  Nexus  
  59  4:35  Twilight Council  
  59  4:38  Forge  
  61  4:49  Stargate  
  61  4:51  Assimilator  
  61  4:57  Phoenix  
  65  5:06  Shield Battery  
  67  5:12  Protoss Ground Weapons Level 1  
  69  5:22  Charge  
  69  5:23  Gateway  
  69  5:29  Zealot  
  71  5:40  Phoenix x2  
  77  5:43  Gateway x2  
  78  5:56  Zealot x2  
  84  6:06  Protoss Air Weapons Level 1  
  84  6:17  Phoenix x2  
  88  6:21  Gateway x2  
  91  6:27  Zealot x2  
  97  6:40  Assimilator x2  
  97  6:42  Phoenix x2  
  101  6:58  Zealot x4  
  111  7:12  Phoenix  
  115  7:19  Zealot  
Spawning Tool Build Advisor. Get it on Overwolf

Go to:

Details

  • Created by: zuka      
  • Published on: Jul 18, 2020
  • Modified on: Jul 18, 2020
  • Patch: 4.11.0
  • Difficulty: Medium
Show
View Real Time Build Order
Export as new Build Order

Comments (0)

There are no comments. Be the first!

Create an account to comment!